 Dungeon Crawl Stone Soup version 0.31.0-9-g3a7656b989 (webtiles) character file.

Game seed: 10448719581172271497

616 qw the Shooter (level 7, -4/35 HPs)
             Began as a Spriggan Hunter on Feb 2, 2024.
             Was a Follower of Okawaru.
             Slain by a gnoll
             ... wielding a +0 flail
              (5 damage)
             ... on level 4 of the Dungeon.
             The game lasted 00:00:28 (4054 turns).

qw the Shooter (Spriggan Hunter)                    Turns: 4054, Time: 00:00:29

Health: -4/35      AC:  4    Str:  7    XL:     7   Next: 21%
Magic:  9/9        EV: 21    Int: 11    God:    Okawaru [*.....]
Gold:   169        SH:  5    Dex: 20    Spells: 6/6 levels left

rFire   . . .        a - +1 shortbow (heavy)
rCold   . . .        (shield currently unavailable)
rNeg    . . .        c - +0 robe
rPois   .            (helmet restricted)
rElec   .            d - +1 cloak
rCorr   .            (gloves unavailable)
SInv    +            (boots unavailable)
Will    +....        h - amulet of reflection
Stlth   ++           (no ring)
HPRegen 0.25/turn    (no ring)
MPRegen 0.11/turn

%: reflection
@: lethally poisoned (-4 -> -9), about to teleport, on berserk cooldown, slowed,
quick
A: very small, no large weapons, unfitting armour, see invisible, speed 3
a: Renounce Religion, Heroism


You were on level 4 of the Dungeon.
You worshipped Okawaru.
Okawaru was aware of your devotion.
You visited 1 branch of the dungeon, and saw 5 of its levels.

You collected 191 gold pieces.
You spent 22 gold pieces at shops.


Innate Abilities, Weirdness & Mutations

You are very small and have problems with some larger weapons.
You are too small for most types of armour.
You have supernaturally acute eyesight. (SInv)
You cover ground extremely quickly. (Speed+++)


   Skills:
 - Level 2.0 Fighting
 - Level 7.0 Ranged Weapons
 + Level 6.1 Dodging
 - Level 1.5 Stealth
 + Level 2.4 Invocations


You had 6 spell levels left.
You didn't know any spells.
Your spell library was empty.

Inventory:

Hand Weapons
 a - a +1 heavy shortbow (weapon)
Armour
 c - a +0 robe (worn)
 d - a +1 cloak (worn)
Jewellery
 h - an amulet of reflection (around neck)
Wands
 f - a wand of paralysis (9)
 g - a wand of polymorph (2)
Scrolls
 i - a scroll of teleportation
 k - a scroll of immolation
Potions
 b - a potion of haste
 e - 3 potions of might
 j - a potion of resistance
 n - a potion of berserk rage
 o - a potion of curing {unknown}

Dungeon Overview and Level Annotations

Branches:
Dungeon (5/15)
 Temple: D:4-7

Altars:
Cheibriados
Kikubaaqudgha
Okawaru
Sif Muna
Uskayaw
The Shining One

Shops:
D:2 *


Message History

As you read the scroll labelled GUCOAJUPOR, it crumbles to dust.
It was a scroll of poison.
Done exploring.
4048 ||| DRINKING 2 sedimented sapphire potions.
It was a potion of berserk rage.
A red film seems to cover your vision as you go berserk!
You feel yourself moving faster!
You feel mighty!
4049 ||| FLEEEEING.
You feel a strong urge to attack something.
There is an open door here.
4050 ||| FLEEEEING.
You are engulfed in poison gas.
You are poisoned.
You feel sick.
There is a stone staircase leading up here.
4051 ||| STAIRDANCE You feel your anger nearly subside.
You are engulfed in poison gas.
You are more poisoned.
You are no longer berserk.
You are exhausted.
You feel yourself slow down.
You feel very sick.
You climb upwards.
You feel extremely sick.
There is a stone staircase leading down here.
You shoot an arrow. The gnoll shouts!
The arrow hits the gnoll!
The gnoll is severely wounded.
You feel extremely sick.
You hear a shout!
The gnoll hits you with a +0 flail. The gnoll closely misses you.
You hear an angry hiss.
4054 ||| READING 2 scrolls of teleportation.
As you read the scroll of teleportation, it crumbles to dust.
You feel strangely unstable.
You feel very sick. The gnoll hits you with a +0 flail.
You die...

###.# ###.....###.#
#####.#.####.......##..
#........##.........###
#.#.......'.........'..
#...^..#.##.........###
#..##.##.###.......##
#..#####.# ##.....##
#..#####.# ##...##
#.....@g.# ##'##
##.####### #.# #.# #.#
#.# ##.## #.# ##...##
#.##### #.....# ###
#.....# ##...## #..
#####.# ##.## #.#
#.##############.#


You could see a gnoll.

Vanquished Creatures
  An ogre (D:5)
  Blork the orc (D:5)
  A scorpion (D:5)
  2 jellies (D:5)
  A hound (D:5)
  Jessica (D:2)
  2 orc wizards (D:5)
  4 gnolls
  13 adders
  A dart slug (D:4)
  2 ribbon worms
  5 orcs
  9 ball pythons
  11 endoplasms
  5 goblins
  7 hobgoblins
  3 jackals (D:3)
  A quokka (D:1)
  9 bats
  A frilled lizard (D:3)
  5 kobolds
  4 rats
89 creatures vanquished.

Notes
Turn   | Place    | Note
-------+----------+-------------------------------------------
     0 | D:1      | qw the Spriggan Hunter began the quest for the Orb.
     0 | D:1      | Reached XP level 1. HP: 10/10 MP: 2/2
     0 | D:1      | 0 ||| qw: Version: 0.3-a-155-g5e7d8dd
     0 | D:1      | 0 ||| qw: Game counter: 2818
     0 | D:1      | 0 ||| qw: Melee chars always use a shield: true
     0 | D:1      | 0 ||| qw: God list: Okawaru
     0 | D:1      | 0 ||| qw: Allow faded altars: false
     0 | D:1      | 0 ||| qw: Do Orc after clearing Dungeon:15 true
     0 | D:1      | 0 ||| qw: Do second Lair branch before Depths: true
     0 | D:1      | 0 ||| qw: Lair rune preference: random
     0 | D:1      | 0 ||| qw: Goals: Normal
     0 | D:1      | 0 ||| PLANNING D:1-11
    19 | D:1      | Reached skill level 3 in Dodging
   111 | D:1      | Reached XP level 2. HP: 14/14 MP: 3/3
   242 | D:1      | Found a faded altar of an unknown god.
   346 | D:1      | Reached XP level 3. HP: 9/18 MP: 4/4
   657 | D:1      | 657 ||| UPGRADING to +0 cloak.
   662 | D:1      | 662 ||| DROPPING scarf of invisibility.
   663 | D:1      | 663 ||| UPGRADING to amulet of reflection.
   668 | D:1      | 668 ||| READING scroll labelled YFIDDU JIOLORR.
   673 | D:1      | 673 ||| READING 2 scrolls labelled HISEWNIUHI.
   674 | D:1      | 674 ||| READING scroll labelled IXKENITHOX.
   675 | D:1      | 675 ||| READING scroll labelled LEGE FETAU.
   776 | D:1      | 776 ||| READING 2 scrolls labelled SATUNW IKOYKOS.
   776 | D:1      | 776 ||| IDENTIFYING puce potion
   777 | D:1      | 777 ||| READING scroll of identify.
   777 | D:1      | 777 ||| IDENTIFYING scroll labelled NOUHEO INTIBOZ
   778 | D:1      | 778 ||| READING scroll of enchant weapon.
   778 | D:1      | 778 ||| ENCHANTING +0 shortbow.
   779 | D:1      | 779 ||| DROPPING scroll of butterflies.
   780 | D:1      | 780 ||| DROPPING scroll of amnesia.
   781 | D:1      | 781 ||| DROPPING potion of ambrosia.
   927 | D:2      | Found Reixuosh's General Store.
   933 | D:2      | 933 ||| BUYING scroll of identify (22 gold).
   933 | D:2      | Bought a scroll of identify for 22 gold pieces
   948 | D:2      | Reached skill level 5 in Ranged Weapons
  1086 | D:2      | Reached XP level 4. HP: 22/22 MP: 5/5
  1089 | D:2      | Found a shimmering blue altar of Sif Muna.
  1231 | D:2      | Noticed Jessica
  1235 | D:2      | Killed Jessica
  1482 | D:2      | 1482 ||| READING 2 scrolls of identify.
  1482 | D:2      | 1482 ||| IDENTIFYING amethyst potion
  1483 | D:2      | 1483 ||| READING scroll of identify.
  1483 | D:2      | 1483 ||| IDENTIFYING 2 murky cyan potions
  1484 | D:2      | 1484 ||| DROPPING 2 potions of lignification.
  1534 | D:3      | Found a faded altar of an unknown god.
  1683 | D:3      | 1683 ||| READING 2 scrolls of identify.
  1683 | D:3      | 1683 ||| IDENTIFYING metallic clear potion
  1684 | D:3      | 1684 ||| DROPPING potion of invisibility.
  1934 | D:3      | 1934 ||| FLEEEEING.
  1935 | D:3      | 1935 ||| FLEEEEING.
  1936 | D:3      | 1936 ||| FLEEEEING.
  1937 | D:3      | 1937 ||| FLEEEEING.
  1964 | D:3      | Reached XP level 5. HP: 26/26 MP: 6/6
  2206 | D:3      | 2206 ||| READING scroll of identify.
  2206 | D:3      | 2206 ||| IDENTIFYING smoky white potion
  2207 | D:3      | 2207 ||| READING scroll labelled SAUQAN YMMO.
  2352 | D:4      | Found an iron altar of Okawaru.
  2353 | D:4      | 2353 ||| PLANNING OKAWARU WORSHIP
  2357 | D:4      | Became a worshipper of Warmaster Okawaru
  2358 | D:4      | 2358 ||| PLANNING D:1-11
  2667 | D:4      | HP: 5/26 [gnoll/+0 flail (6)]
  2668 | D:4      | 2668 ||| READING scroll of teleportation.
  2752 | D:4      | Found an ancient bone altar of Kikubaaqudgha.
  2981 | D:4      | 2981 ||| READING scroll labelled UMEGEFAZESM.
  2982 | D:4      | 2982 ||| READING scroll labelled MAHODO YTZOCAK.
  2982 | D:4      | 2982 ||| ENCHANTING +0 cloak.
  2983 | D:4      | 2983 ||| READING scroll labelled SAKKELLIWYR.
  2983 | D:4      | 2983 ||| BRANDING +1 shortbow.
  2984 | D:4      | 2984 ||| DRINKING 2 bubbling amethyst potions.
  2991 | D:3      | Found a hide-covered altar of Uskayaw.
  3019 | D:4      | Reached skill level 6 in Ranged Weapons
  3284 | D:5      | Entered Level 5 of the Dungeon
  3383 | D:5      | Reached skill level 6 in Dodging
  3383 | D:5      | Reached XP level 6. HP: 30/30 MP: 7/7
  3388 | D:5      | Reached * piety under Okawaru
  3440 | D:5      | Found a glowing golden altar of the Shining One.
  3642 | D:5      | Found a snail-covered altar of Cheibriados.
  3692 | D:5      | Reached skill level 1 in Invocations
  3722 | D:5      | Noticed Blork the orc
  3725 | D:5      | 3725 ||| INVOKING Heroism.
  3727 | D:5      | Killed Blork the orc
  3728 | D:5      | Reached XP level 7. HP: 30/35 MP: 5/9
  3795 | D:5      | Reached skill level 7 in Ranged Weapons
  4044 | D:5      | 4044 ||| READING 2 scrolls labelled BOF PULYUHU.
  4045 | D:5      | 4045 ||| READING scroll labelled CIRYUDEXZUSSITZ.
  4046 | D:5      | 4046 ||| READING scroll labelled ATEIC EDUA.
  4047 | D:5      | 4047 ||| READING scroll labelled GUCOAJUPOR.
  4048 | D:5      | 4048 ||| DRINKING 2 sedimented sapphire potions.
  4049 | D:5      | 4049 ||| FLEEEEING.
  4050 | D:5      | 4050 ||| FLEEEEING.
  4051 | D:5      | 4051 ||| STAIRDANCE
  4053 | D:4      | HP: 4/35 [gnoll/+0 flail (5)]
  4054 | D:4      | 4054 ||| READING 2 scrolls of teleportation.
  4054 | D:4      | HP: 1/35 [poisoned by you (poison gas)]
  4054 | D:4      | Slain by a gnoll

Levels and vault maps discovered:
D:1:      dpeg_arrival_morbid_curiosity, layout_rooms,
          hellmonk_ecumenical_altar_heavens_door
D:2:      layout_loops_ring, serial_aquarium, aquarium_bridge_long_separate
          [aquarium_subvault_window, aquarium_subvault_bridge,
          aquarium_subvault_wall, aquarium_subvault_bridge,
          aquarium_subvault_bridge, aquarium_subvault_bridge],
          aquarium_window_1, aquarium_window_fake, aquarium_window_1,
          aquarium_view_2e, aquarium_balcony_5b, serial_shops, shop,
          basic_altar, chequers_garden, uniq_jessica
D:3:      minmay_inner_zag, layout_loops_ring, nicolae_overflow_ecumenical_swirl
D:4:      layout_loops_corners, mainiacjoe_overflow_six_doors_small,
          nicolae_kikubaaqudgha_miasma_corner
D:5:      layout_gridville, kennysheep_little_box, slow_altar_1,
          uniq_blork_the_orc

Skill      XL: |  1  2  3  4  5  6  7 |
---------------+----------------------+-----
Dodging        | 3 4 5 6 |  6.1
Ranged Weapons | 5 6 7 |  7.0
Fighting       | 2 |  2.0
Invocations    | 1 2 |  2.4
Stealth        | |  1.5

Action                     |  1- 3 |  4- 6 |  7- 9 || total
---------------------------+-------+-------+-------++-------
   Fire: Shortbow          |    92 |   149 |    13 ||   254
 Invoke: Heroism           |       |     1 |       ||     1
    Use: Scroll            |     7 |     9 |     5 ||    21
         Potion            |       |     1 |     1 ||     2
 Armour: Robe              |     6 |    13 |     5 ||    24
  Dodge: Dodged            |    30 |    52 |     3 ||    85
  Block: Other             |     1 |    13 |     1 ||    15
         Reflection        |       |     1 |       ||     1

Table legend:
 A = Non-vault XP
 B = Vault XP
 C = Vault XP percentage of total XP
 D = Non-vault monster count
 E = Vault monster count
 F = Vault count percentage of total count
                 A         B        C        D         E       F
            +---------+---------+-------+---------+---------+-------
      Total |     718 |     162 |  18.4 |      79 |      10 |  11.2
            +---------+---------+-------+---------+---------+-------
        D:1 |      42 |      10 |  19.2 |      23 |       5 |  17.9
        D:2 |      48 |      37 |  43.5 |       8 |       1 |  11.1
        D:3 |      85 |      15 |  15.0 |      20 |       2 |   9.1
        D:4 |      90 |       0 |   0.0 |      15 |       0 |   0.0
        D:5 |     453 |     100 |  18.1 |      13 |       2 |  13.3
            +---------+---------+-------+---------+---------+-------
